 Dungeon Crawl Stone Soup version 0.24-a0-235-g3f03afc (webtiles) character file.

Game seed: 668947385865409091

33 Mgcat the Skirmisher (level 3, 0/23 HPs)
             Began as a Deep Elf Fighter on Apr 8, 2019.
             Slain by a gnoll
             ... wielding a +0 spear
              (1 damage)
             ... on level 1 of the Dungeon.
             The game lasted 00:02:22 (849 turns).

Mgcat the Skirmisher (Deep Elf Fighter)              Turns: 849, Time: 00:02:23

Health: 0/23       AC:  6    Str: 19    XL:     3   Next: 12%
Magic:  5/5        EV:  9    Int: 12    God:
Gold:   44         SH:  9    Dex: 14    Spells: 2/2 levels left

rFire    . . .     SeeInvis .   a - +0 rapier
rCold    . . .     Gourm    .   c - +0 shield
rNeg     . . .     Faith    .   b - +0 scale mail
rPois    .         Spirit   .   (no helmet)
rElec    .         Reflect  .   (no cloak)
rCorr    .         Harm     .   (no gloves)
MR       .....                  (no boots)
Stlth    ..........             (no amulet)
HPRegen  0.07/turn              g - +2 ring of evasion
MPRegen  0.09/turn              (no ring)

@: mighty
A: no striking features
a: no special abilities


You were on level 1 of the Dungeon.
You were not hungry.

You visited 1 branch of the dungeon, and saw 2 of its levels.

You collected 44 gold pieces.

Inventory:

Hand Weapons
 a - a +0 rapier (weapon)
Armour
 b - a +0 scale mail (worn)
 c - a +0 shield (worn)
Jewellery
 g - a +2 ring of evasion (left hand)
   (You found it on level 1 of the Dungeon)
 o - an uncursed ring of resist corrosion {unknown}
   (You found it on level 1 of the Dungeon)
Scrolls
 e - 2 scrolls of teleportation {unknown}
 h - a scroll of fog {unknown}
 k - 2 scrolls of identify {unknown}
Potions
 d - a potion of might
 i - a potion of brilliance {unknown}
 j - a potion of resistance {unknown}
 l - 2 potions of flight {unknown}
 m - 2 potions of heal wounds {unknown}
Comestibles
 f - 2 rations
 n - 7 chunks of flesh {@w0}


   Skills:
 + Level 3.0 Fighting
 + Level 2.9 Short Blades
 - Level 2.4 Armour
 - Level 2.4 Shields


You had 2 spell levels left.
You didn't know any spells.
Your spell library was empty.

Dungeon Overview and Level Annotations

Branches:
Dungeon (2/15)

Altars:


Message History

You kill the gnoll!
Your Fighting skill increases to level 3!
You have reached level 3!
Your experience leads to an increase in your attributes!
Increase (S)trength, (I)ntelligence, or (D)exterity?
You feel stronger.
You regained 5 hp, and now have 22/23 hp.
MP restored: 5
There is a stone staircase leading down here.
You climb downwards.
The adder hisses angrily.
There is a stone staircase leading up here.
Warning x3: The gnoll can hit for moderate damage in melee, and throws nets! x2
The adder is fast and can poison!
Warning x3: The gnoll can hit for moderate damage in melee, and throws nets! x2
The adder is fast and can poison!
You block the gnoll's attack. The adder bites you but does no damage.
There is a stone staircase leading up here.
Warning x3: The gnoll can hit for moderate damage in melee, and throws nets! x2
The adder is fast and can poison!
You block the adder's attack. The gnoll hits you with a +0 spear.
You climb upwards.
There is a stone staircase leading down here.
You take 5 damage, and have 17/23 hp.
MASSIVE DAMAGE!!
Warning x2: The adder is fast and can poison!
The gnoll can hit for moderate damage in melee, and throws nets!
The gnoll closely misses you.
Warning x2: The adder is fast and can poison!
The gnoll can hit for moderate damage in melee, and throws nets!
The adder bites you but does no damage.
Warning x2: The adder is fast and can poison!
The gnoll can hit for moderate damage in melee, and throws nets!
Warning x2: The adder is fast and can poison!
The gnoll can hit for moderate damage in melee, and throws nets!
Warning x2: The adder is fast and can poison!
The gnoll can hit for moderate damage in melee, and throws nets!
You don't know any spells.
Warning x2: The adder is fast and can poison!
The gnoll can hit for moderate damage in melee, and throws nets!
Unknown command.
Warning x2: The adder is fast and can poison!
The gnoll can hit for moderate damage in melee, and throws nets!
Unknown command.
Warning x2: The adder is fast and can poison!
The gnoll can hit for moderate damage in melee, and throws nets!
Unknown command.
Warning x2: The adder is fast and can poison!
The gnoll can hit for moderate damage in melee, and throws nets!
You don't know any spells.
Warning x2: The adder is fast and can poison!
The gnoll can hit for moderate damage in melee, and throws nets!
Unknown command.
Warning x2: The adder is fast and can poison!
The gnoll can hit for moderate damage in melee, and throws nets!
Unknown command.
Warning x2: The adder is fast and can poison!
The gnoll can hit for moderate damage in melee, and throws nets!
Unknown command.
Warning x2: The adder is fast and can poison!
The gnoll can hit for moderate damage in melee, and throws nets!
You don't know any spells.
Warning x2: The adder is fast and can poison!
The gnoll can hit for moderate damage in melee, and throws nets!
Unknown command.
Warning x2: The adder is fast and can poison!
The gnoll can hit for moderate damage in melee, and throws nets!
Unknown command.
Warning x2: The adder is fast and can poison!
The gnoll can hit for moderate damage in melee, and throws nets!
You barely miss the adder. You block the adder's attack.
The gnoll hits you from afar with a +0 spear.
The adder closely misses you.
You take 4 damage, and have 14/23 hp.
Warning x2: The adder is fast and can poison!
The gnoll can hit for moderate damage in melee, and throws nets!
You barely miss the adder. You block the gnoll's attack.
The adder bites you but does no damage.
Warning x2: The adder is fast and can poison!
The gnoll can hit for moderate damage in melee, and throws nets!
You feel very mighty all of a sudden. You block the adder's attack.
You block the gnoll's attack. The adder bites you but does no damage.
Warning x2: The adder is fast and can poison!
The gnoll can hit for moderate damage in melee, and throws nets!
Unknown command.
Warning x2: The adder is fast and can poison!
The gnoll can hit for moderate damage in melee, and throws nets!
Unknown command.
Warning x2: The adder is fast and can poison!
The gnoll can hit for moderate damage in melee, and throws nets!
You miss the adder. You block the gnoll's attack. You block the adder's attack.
The gnoll hits you but does no damage.
Warning x2: The adder is fast and can poison!
The gnoll can hit for moderate damage in melee, and throws nets!
You barely miss the adder. You block the adder's attack.
The gnoll hits you from afar with a +0 spear.
You block the adder's attack.
You take 4 damage, and have 10/23 hp.
Warning x2: The adder is fast and can poison!
The gnoll can hit for moderate damage in melee, and throws nets!
Your shield and scale mail prevent you from hitting the adder.
You block the adder's attack. The gnoll hits you but does no damage.
Warning x2: The adder is fast and can poison!
The gnoll can hit for moderate damage in melee, and throws nets!
You miss the adder. You block the adder's attack. You block the gnoll's attack.
You block the adder's attack.
Warning x2: The adder is fast and can poison!
The gnoll can hit for moderate damage in melee, and throws nets!
You puncture the adder!
The adder is severely wounded.
The gnoll hits you from afar with a +0 spear.
The adder bites you but does no damage.
You take 3 damage, and have 7/23 hp.
Warning x2: The adder is fast and can poison!
The gnoll can hit for moderate damage in melee, and throws nets!
You miss the adder.
The adder is severely wounded.
The adder bites you but does no damage. You block the gnoll's attack.
The adder bites you.
* * * LOW HITPOINT WARNING * * *
You take 2 damage, and have 5/23 hp.
Warning x2: The adder is fast and can poison!
The gnoll can hit for moderate damage in melee, and throws nets!
You closely miss the adder.
The adder is severely wounded.
The gnoll hits you from afar with a +0 spear.
* * * LOW HITPOINT WARNING * * *
The adder bites you but does no damage.
The gnoll hits you from afar with a +0 spear.
You die...

........##### ##'###.############
........# #..##.#
#'###############.##.#
#.....##...##..##.##.#
#.....##.).##..##..#.# ###
#......#'####..###.#.# #..
#........####..###.#.# #####.#
......#.....##'#.Sg..######.....#
......##.......#@##.).....#.#####
(.....####'#.....##.>............
......#....#'#..###.........#####
#'....#<...#.#### #.............)
#'....######## #........######
##...........# ####+###...#...
.............# #######.# ###.###.
.###.......[.# #.......# #.#..)
.# #.........###.####### #.....


You could see a gnoll and an adder.

Vanquished Creatures
  A gnoll (D:1)
  A giant cockroach (D:1)
  A goblin (D:1)
  4 hobgoblins (D:1)
  4 jackals (D:1)
  3 bats (D:1)
  4 kobolds (D:1)
  2 rats (D:1)
20 creatures vanquished.

Notes
Turn   | Place    | Note
-------+----------+-------------------------------------------
     0 | D:1      | Mgcat the Deep Elf Fighter began the quest for the Orb.
     0 | D:1      | Reached XP level 1. HP: 13/13 MP: 3/3
   112 | D:1      | Reached XP level 2. HP: 11/18 MP: 4/4
   827 | D:1      | Reached skill level 3 in Fighting
   827 | D:1      | Reached XP level 3. HP: 22/23 MP: 5/5
   848 | D:1      | HP: 5/23 [adder (2)]
   849 | D:1      | HP: 1/23 [gnoll/+0 spear (4)]
   849 | D:1      | Slain by a gnoll

Levels and vault maps discovered:
D:1:      dpeg_arrival_short_road, layout_basic, minmay_fountain_box
D:2:      layout_rooms, lemuel_doored_altar, overflow_temple_1_default,
          chequers_temple_overflow_minitemple

Skill      XL: |  1  2 |
---------------+-------+-----
Fighting       | 3 |  3.0
Short Blades   | |  2.9
Armour         | |  2.4
Shields        | |  2.4

Action                   || total
-------------------------++-------
Melee: Rapier            ||    82
  Use: Potion            ||     1
Armor: Scale mail        ||    41
Dodge: Dodged            ||    20
Block: Shield            ||    47

Table legend:
 A = Non-vault XP
 B = Vault XP
 C = Vault XP percentage of total XP
 D = Non-vault monster count
 E = Vault monster count
 F = Vault count percentage of total count
                 A         B        C        D         E       F
            +---------+---------+-------+---------+---------+-------
      Total |      48 |       0 |   0.0 |      20 |       0 |   0.0
            +---------+---------+-------+---------+---------+-------
        D:1 |      48 |       0 |   0.0 |      20 |       0 |   0.0
            +---------+---------+-------+---------+---------+-------

Levels and vault maps discovered:
D:1:      dpeg_arrival_short_road, layout_basic, minmay_fountain_box
D:2:      layout_rooms, lemuel_doored_altar, overflow_temple_1_default,
          chequers_temple_overflow_minitemple

Table legend:
 A = Turns spent in this place as a percentage of turns spent in the entire game.
 B = Non-inter-level travel turns spent in this place as a percentage of non-inter-level travel turns spent in the entire game.
 C = Inter-level travel turns spent in this place as a percentage of turns spent in this place.
 D = Turns resting spent in this place as a percentage of non-inter-level travel turns spent in this place.
 E = Turns spent auto-exploring this place as a percentage of non-inter-level travel turns spent in this place.
 F = Non-inter-level travel turns spent in this place divided by the number of levels of this place that you've seen.
                   A       B       C       D       E      F
               +-------+-------+-------+-------+-------+----------------------
         Total | 100.0 | 100.0 |   1.1 |   0.0 |  77.9 | 420.0
       Dungeon | 100.0 | 100.0 |   1.1 |   0.0 |  77.9 | 420.0
               +-------+-------+-------+-------+-------+----------------------

Table legend:
 A = Kills in this place as a percentage of kills in entire the game.
 B = Kills by you in this place as a percentage of kills by you in the entire game.
 C = Kills by friends in this place as a percentage of kills by friends in the entire game.
 D = Other kills in this place as a percentage of other kills in the entire game.
 E = Experience gained in this place as a percentage of experience gained in the entire game.
 F = Experience gained in this place divided by the number of levels of this place that you have seen.
                   A       B       C       D       E      F
               +-------+-------+-------+-------+-------+----------------------
         Total | 100.0 | 100.0 |   N/A |   N/A | 100.0 |  24.0
       Dungeon | 100.0 | 100.0 |   N/A |   N/A | 100.0 |  24.0
               +-------+-------+-------+-------+-------+----------------------
